 Dungeon Crawl Stone Soup version 0.30-a0-800-g7c544603b3 (webtiles) character file.

Game seed: 9160416258318753509

55 Pimp the Conjurer (level 3, -2/18 (22) HPs)
             Began as a Tengu Reaver on Feb 21, 2023.
             Slain by an orc priest
             ... wielding a +0 falchion
              (5 damage)
             ... on level 3 of the Dungeon.
             The game lasted 00:05:39 (2327 turns).

Pimp the Conjurer (Tengu Reaver)                    Turns: 2327, Time: 00:05:39

HP:   -2/18 (22)    AC:  6    Str: 16    XL:     3   Next: 93%
MP:   7/7           EV: 11    Int: 16    God:
Gold: 140           SH:  5    Dex: 12    Spells: 3/6 levels left

rFire   . . .      SeeInvis .    l - +7 flail of the Modern Curses {flame, rN+ Str+2 Int+3 Stlth+}
rCold   . . .      Faith    .    (no shield)
rNeg    + . .      Spirit   .    f - +0 ring mail
rPois   .          Reflect  +    (helmet restricted)
rElec   .          Harm     .    (no cloak)
rCorr   .          Rampage  .    n - +0 pair of gloves
Will    +....                    (boots unavailable)
Stlth   ++                       g - amulet of reflection
HPRegen 0.23/turn                h - ring of willpower
MPRegen 0.10/turn                (no ring)

@: heavily drained
A: beak, talons 3
a: no special abilities


You were on level 3 of the Dungeon.
You visited 1 branch of the dungeon, and saw 3 of its levels.

You collected 140 gold pieces.

Inventory:

Hand Weapons
 a - a +0 spear
 l - the +7 flail of the Modern Curses (weapon) {flame, rN+ Str+2 Int+3 Stlth+}
   (You found it on level 2 of the Dungeon)

   Str:       It affects your strength (+2).
   Int:       It affects your intelligence (+3).
   rN:        It protects you from negative energy.
   Stlth:     It makes you more stealthy.
Missiles
 c - 3 boomerangs
 k - 6 curare-tipped darts
Armour
 b - a +0 leather armour
 f - a +0 ring mail (worn)
 n - a +0 pair of gloves (worn)
Jewellery
 g - an amulet of reflection (around neck)
 h - a ring of willpower (left hand)
Scrolls
 d - 3 scrolls of identify
 e - a scroll of brand weapon
 j - a scroll of immolation {unknown}
 o - a scroll of teleportation {unknown}
 p - a scroll of vulnerability {unknown}
Potions
 i - a potion of brilliance {unknown}
 m - 2 potions of curing {unknown}


   Skills:
 + Level 2.3 Fighting
 + Level 0.1 Maces & Flails
 - Level 3.5 Polearms
 + Level 1.3 Armour
 + Level 2.6 Dodging
 + Level 0.1 Stealth
 + Level 2.3 Spellcasting
 + Level 4.6 Conjurations


You had 3 spell levels left.
You knew the following spells:

 Your Spells              Type           Power      Damage    Failure   Level
a - Kiss of Death         Conj/Necr      36%        2d8       16%         1
b - Momentum Strike       Conj/Tloc      18%        3d8       22%         2

Your spell library contained the following spells:

 Spells                   Type           Power      Damage    Failure   Level
 Hailstorm                Conj/Ice       9%         3d4       41%         3


Dungeon Overview and Level Annotations

Branches:
Dungeon (3/15)

Altars:
Ashenzari

Shops:
D:1 (


Innate Abilities, Weirdness & Mutations

You have a beak for a mouth.
You have claws for feet.


Message History

You kill the rat!
You see here a rat corpse.
You now have 122 gold pieces (gained 19).
Found a broken altar of Ashenzari.
o - a scroll labelled WOMICK ULEGGI
Found a helmet.
p - a scroll labelled WUYSAY DUYTU You see here a +2 whip of electrocution.
You see here a +0 helmet.
You see here a +0 helmet.
Found a glowing chain mail.
You now have 140 gold pieces (gained 18).
Found 3 stones.
An orc priest comes into view. It is wielding a +0 falchion.
An orc comes into view. It is wielding a +0 club.
The orc shouts!
You hear a shout!
A bat comes into view. 2 orcs come into view.
Found a leather armour.
The orc shouts!
The orc priest shouts!
The orc closely misses you.
You hit the orc. You burn the orc.
You kill the orc!
The orc priest closely misses you.
You closely miss the orc priest. You claw the orc priest!
The orc priest is heavily wounded.
The orc priest hits you with a +0 falchion.
You barely miss the orc priest. Your peck misses the orc priest.
The orc priest is heavily wounded.
The orc priest misses you.
You hit the orc priest. You burn the orc priest.
Your peck misses the orc priest.
The orc priest is severely wounded.
The orc priest mumbles some strange prayers to Beogh against you.
Beogh smites you!
Ouch! That really hurt!
* * * LOW HITPOINT WARNING * * *
The orc priest hits you with a +0 falchion.
You die...

........##.................#
##......##.................#
.......................[...#
###.####...................#
..... ...#.................#
... ...##................##
.. .... #........##.....##
... ###.###.#########
#...#@# ###.#o# #####
##...oo#.....#
#.............
#......[.......
#..............
#........(.....
#..............
#..............


You could see an orc priest and 2 orcs.

Vanquished Creatures
  A worm (D:3)
  A dart slug (D:1)
  An orc (D:3)
  5 ball pythons
  4 bats
  6 endoplasms
  4 giant cockroaches (D:1)
  5 goblins (D:1)
  3 hobgoblins
  3 kobolds
  3 quokkas (D:1)
  4 frilled lizards
  4 rats
44 creatures vanquished.

Vanquished Creatures (others)
  4 plants (D:2)
4 creatures vanquished.

Grand Total: 48 creatures vanquished

Notes
Turn   | Place    | Note
-------+----------+-------------------------------------------
     0 | D:1      | Pimp the Tengu Reaver began the quest for the Orb.
     0 | D:1      | Reached XP level 1. HP: 12/12 MP: 4/4
   441 | D:1      | Reached XP level 2. HP: 17/17 MP: 6/6
   624 | D:1      | Reached XP level 3. HP: 21/21 MP: 7/7
   638 | D:1      | Reached skill level 1 in Armour
   779 | D:1      | Found Jutowk's Antique Weapon Emporium.
  1319 | D:2      | Learned a level 2 spell: Momentum Strike
  1715 | D:2      | Identified the +7 flail of the Modern Curses {flame, rN+
                  | Str+2 Int+3 Stlth+}
  2278 | D:3      | Found a broken altar of Ashenzari.
  2327 | D:3      | Slain by an orc priest

Illustrated notes

Levels and vault maps discovered:
D:1:      nzn_arrival_crosshair, layout_basic, serial_shops, shop
D:2:      layout_loops_ring, serial_forest, infiniplex_forest_straight_5,
          infiniplex_forest_clump_medium, infiniplex_forest_clump_tiny,
          infiniplex_forest_end_3, infiniplex_forest_side_room,
          infiniplex_forest_end_3, infiniplex_forest_3_way,
          infiniplex_forest_end_1, infiniplex_forest_straight_2,
          infiniplex_forest_end_3
D:3:      layout_rooms, nicolae_overflow_crystal_walls,
          cheibrodos_ashenzari_chains

Skill      XL: |  1  2  3 |
---------------+----------+-----
Armour         | 1 |  1.3
Fighting       | |  2.3
Maces & Flails | |  0.1
Polearms       | |  3.5
Dodging        | |  2.6
Stealth        | |  0.1
Spellcasting   | |  2.3
Conjurations   | |  4.6

Action                     || total
---------------------------++-------
  Melee: Spear             ||   104
         Peck              ||    16
         Kick              ||    22
         Flail             ||    10
   Cast: Kiss of Death     ||     1
    Use: Scroll            ||     1
   Stab: Sleeping          ||     1
 Armour: Leather armour    ||    21
         Ring mail         ||     5
  Dodge: Dodged            ||    60
  Block: Other             ||     5

Table legend: (Time is in decaauts)
 A = Elapsed time spent in this place.
 B = Non-inter-level travel time spent in this place.
 C = Inter-level travel time spent in this place.
 D = Time resting spent in this place.
 E = Time spent auto-exploring this place.
 F = Levels seen in this place.
 G = Mean time per level.
                   A        B        C        D        E       F      G
               +--------+--------+--------+--------+--------+-----+--------+
         Total |   2322 |   2139 |    183 |    163 |   1579 |   3 |  774.0 |
       Dungeon |   2322 |   2139 |    183 |    163 |   1579 |   3 |  774.0 |
               +--------+--------+--------+--------+--------+-----+--------+

Top non-repeatable levels by time:
     D:1: 1150 daAuts
     D:2: 1083 daAuts
     D:3: 88 daAuts
